 Dungeon Crawl Stone Soup version 0.27-a0-1123-g2f9bb313c0 (webtiles) character file.

Game seed: 10888081179907188196

144 karrick the Slasher (level 5, -2/39 HPs)
             Began as a Djinni Gladiator on May 4, 2021.
             Slain by an orc
             ... wielding a +0 trident
              (6 damage)
             ... on level 5 of the Dungeon.
             The game lasted 00:06:41 (3702 turns).

karrick the Slasher (Djinni Gladiator)              Turns: 3702, Time: 00:06:43

Health: -2/39      AC:  6    Str: 12 (13) XL:     5   Next: 27%
Gold:   115        EV: 13    Int:  8 (10) God:
                   SH:  0    Dex: 16 (17)

rFire    + + .     SeeInvis .   f - +0 hand axe (elec)
rCold    x . .     Faith    .   (no shield)
rNeg     . . .     Spirit   .   b - +0 leather armour
rPois    ∞         Reflect  .   c - +1 helmet
rElec    .         Harm     .   j - +0 cloak
rCorr    .         Rampage  .   (no gloves)
Will     .....                  (boots unavailable)
Stlth    +.........             (no amulet)
HPRegen  0.13/turn              (no ring)
MPRegen  0.00/turn              (no ring)

@: flying
A: fire resistance 2, cold vulnerability 1, float, innate caster, hp casting,
extra vitality 1, agile 1, wild magic 1
a: no special abilities


You were on level 5 of the Dungeon.
You visited 1 branch of the dungeon, and saw 5 of its levels.

You collected 115 gold pieces.

Inventory:

Hand Weapons
 a - a +0 long sword
 f - a +0 hand axe of electrocution (weapon)
Missiles
 d - 3 throwing nets (quivered)
Armour
 b - a +0 leather armour (worn)
 c - a +1 helmet (worn)
 j - a +0 cloak (worn)
Scrolls
 e - a scroll of identify
Potions
 m - a potion of attraction


   Skills:
 + Level 2.6 Fighting
 + Level 4.1 Long Blades
 + Level 1.7 Throwing
 + Level 1.7 Armour
 + Level 3.8 Dodging
 + Level 0.3 Stealth
 * Level 0.1 Spellcasting


You had one spell level left.
You knew the following spells:

 Your Spells              Type           Power      Damage    Failure   Level
a - Freeze                Ice            0%         1d3       54%         1
b - Call Imp              Summ           0%         N/A       69%         2
Your spell library was empty.

Dungeon Overview and Level Annotations

Branches:
Dungeon (5/15)
 Temple: D:4-7

Altars:
Elyvilon
Hepliaklqana
Xom

Annotations:
D:3 Grinder


Innate Abilities, Weirdness & Mutations

You are immune to poison.
Your flesh is very heat resistant. (rF++)
You are vulnerable to cold. (rC-)
You float through the air rather than walking.
You learn spells naturally, not from books.
Your magical power is your life essence.
You have superior vitality. (+4 HP)
You are agile. (Dex +2)
Your spells are a little harder to cast, but a little more powerful.


Message History

* * * LOW HITPOINT WARNING * * *
The jackal closely misses you.
The bullfrog skeleton closely misses you.
The bullfrog skeleton hits you.
* * * LOW HITPOINT WARNING * * *
Things that are here:
a +0 club; a +0 leather armour; an orc corpse You miss the jackal.
You barely miss the bullfrog skeleton. The jackal barely misses you.
You hear a sizzling splash. x2
The bullfrog skeleton closely misses you.
The orc closely misses you. The jackal completely misses you.
You hit the jackal but do no damage.
You hit the bullfrog skeleton but do no damage.
The bullfrog skeleton barely misses you.
The jackal closely misses you. The orc barely misses you.
The bullfrog skeleton misses you. The jackal closely misses you.
You hit the jackal.
The jackal is heavily wounded.
You barely miss the bullfrog skeleton. The orc hits you but does no damage.
The bullfrog skeleton misses you. The jackal closely misses you.
The orc closely misses you. The bullfrog skeleton hits you.
* * * LOW HITPOINT WARNING * * *
The jackal misses you.
You closely miss the jackal.
The jackal is heavily wounded.
You barely miss the bullfrog skeleton.
The jackal bites you but does no damage.
The bullfrog skeleton barely misses you.
The orc hits you from afar with a +0 trident.
* * * LOW HITPOINT WARNING * * *
You hit the jackal.
You kill the jackal!
You hit the bullfrog skeleton.
Lightning courses through the bullfrog skeleton!
The bullfrog skeleton closely misses you.
The orc completely misses you.
The bullfrog skeleton barely misses you.
The orc hits you with a +0 trident.
You die...

#.# . . #.# .
#.. ... .. .#.
#.# .§_ ..
#.#### ..P ..#P
#.##.. ...#.#..
#.##.# ...PP§.P
#Z##.# P##§
#@##.# ...
#o##.## #.#
#S#...######.#
#nn.o.o......#
###n..######.##
.....n.# #..#
....o#..# #..#
....#.#..#
#..####
>........#
#......


You could see 2 necrophages, an adder, an orc and a bullfrog skeleton.

Vanquished Creatures
  4 adders
  2 worms (D:2)
  3 dart slugs
  8 orcs
  5 endoplasms
  5 giant cockroaches
  5 hobgoblins
  13 jackals
  2 kobolds
  3 quokkas
  9 ball pythons
  4 bats
  4 frilled lizards
  6 goblins
  10 rats
83 creatures vanquished.

Vanquished Creatures (others)
  An ogre (D:5)
  A centaur (D:5)
  2 hounds (D:5)
  2 iguanas (D:5)
  2 adders (D:5)
  A plant (D:5)
9 creatures vanquished.

Grand Total: 92 creatures vanquished

Notes
Turn   | Place    | Note
-------+----------+-------------------------------------------
     0 | D:1      | karrick the Djinni Gladiator began the quest for the Orb.
     0 | D:1      | Reached XP level 1. HP: 18/18 MP: 0/0
   174 | D:1      | Reached skill level 3 in Long Blades
   174 | D:1      | Reached XP level 2. HP: 18/23 MP: 0/0
   697 | D:1      | Reached XP level 3. HP: 28/28 MP: 0/0
   697 | D:1      | Learned a level 1 spell: Freeze
  1761 | D:2      | Reached skill level 1 in Armour
  1765 | D:2      | Reached XP level 4. HP: 24/34 MP: 0/0
  2269 | D:2      | Found a faded altar of an unknown god.
  2804 | D:3      | Noticed Grinder
  2866 | D:3      | Paralysed by Grinder for 2 turns
  2964 | D:3      | Paralysed by Grinder for 5 turns
  2981 | D:3      | Gained mutation: You are agile. (Dex +2) [potion of
                  | mutation]
  2981 | D:3      | Gained mutation: Your spells are a little harder to cast,
                  | but a little more powerful. [potion of mutation]
  2990 | D:3      | Paralysed by Grinder for 3 turns
  3270 | D:3      | Found a white marble altar of Elyvilon.
  3288 | D:3      | Reached XP level 5. HP: 37/39 MP: 0/0
  3288 | D:3      | Learned a level 2 spell: Call Imp
  3313 | D:3      | Reached skill level 4 in Long Blades
  3386 | D:4      | Noticed a necrophage
  3408 | D:5      | Entered Level 5 of the Dungeon
  3408 | D:5      | Found a hazy altar of Hepliaklqana.
  3422 | D:5      | Killed an ogre
  3623 | D:5      | Found a shimmering altar of Xom.
  3631 | D:5      | Noticed a centaur
  3655 | D:5      | Noticed a necrophage
  3693 | D:5      | Noticed a necrophage
  3697 | D:5      | Killed a centaur
  3702 | D:5      | Slain by an orc

Illustrated notes

Levels and vault maps discovered:
D:1:      grunt_arrival_lava_bath, layout_loops_corners
D:2:      layout_loops_ring, hellmonk_ecumenical_altar_inner_sanctum
D:3:      layout_basic, trog_antimagical, lemuel_doored_altar, uniq_grinder
D:4:      layout_rooms, kennysheep_okawaru_gauntlet, uniq_eustachio,
          uniq_blork_the_orc, uniq_ijyb, uniq_robin
D:5:      layout_loops_ring, xom_confusion_cloud,
          nicolae_hepliaklqana_hazy_memory, minivault_5, minmay_ruined_shrine

Skill      XL: |  1  2  3  4  5 |
---------------+----------------+-----
Long Blades    | 3 4 |  4.1
Armour         | 1 |  1.7
Fighting       | |  2.6
Throwing       | |  1.7
Dodging        | |  3.8
Stealth        | |  0.3
Spellcasting   | |  0.1

Action                   |  1- 3 |  4- 6 || total
-------------------------+-------+-------++-------
Melee: Long sword        |   111 |   157 ||   268
       Hand axe          |       |     9 ||     9
 Cast: Freeze            |     1 |       ||     1
  Use: Scroll            |       |     5 ||     5
       Potion            |       |     4 ||     4
 Stab: Sleeping          |     1 |     2 ||     3
Armor: Leather armour    |    38 |    56 ||    94
Dodge: Dodged            |    83 |   148 ||   231
       Rpst.: Long sword |    20 |    33 ||    53

Table legend: (Time is in decaauts)
 A = Elapsed time spent in this place.
 B = Non-inter-level travel time spent in this place.
 C = Inter-level travel time spent in this place.
 D = Time resting spent in this place.
 E = Time spent auto-exploring this place.
 F = Levels seen in this place.
 G = Mean time per level.
                   A        B        C        D        E       F      G
               +--------+--------+--------+--------+--------+-----+--------+
         Total |   3754 |   3681 |     73 |    382 |   2497 |   5 |  750.8 |
       Dungeon |   3754 |   3681 |     73 |    382 |   2497 |   5 |  750.8 |
               +--------+--------+--------+--------+--------+-----+--------+

Top non-repeatable levels by time:
     D:1: 1726 daAuts
     D:2: 1361 daAuts
     D:5: 301 daAuts
     D:3: 283 daAuts
     D:4: 80 daAuts
